 Dungeon Crawl Stone Soup version 0.19.5 (webtiles) character file.

114 Azzok the Skirmisher (level 4, 0/42 HPs)
             Began as a Centaur Fighter on June 7, 2017.
             Succumbed to Azzok's ghost's poison
             ... on level 2 of the Dungeon.
             The game lasted 00:04:28 (2396 turns).

Azzok the Skirmisher (Centaur Fighter)              Turns: 2396, Time: 00:04:29

Health: 0/42       AC:  6    Str: 19 (20) XL:     4   Next: 66%
Magic:  4/4        EV: 10    Int:  6 (7)  God:
Gold:   82         SH:  8    Dex: 11 (13) Spells: 0 memorised, 3 levels left

rFire  . . .     SeeInvis .     s - +0 short sword (protect)
rCold  + . .     Gourm    .     b - +0 scale mail
rNeg   . . .     Faith    .     c - +0 shield
rPois  .         Spirit   .     (no helmet)
rElec  .         Reflect  .     (no cloak)
rCorr  .         Harm     .     (no gloves)
MR     .....     Rnd*Tele +     (no barding)
Stlth  +.........               (no amulet)
                                (no ring)
                                (no ring)

@: agile, lethally poisoned (0 -> -14), flying, very quick
A: hooves 3, cold resistance 1, deformed body, speed 2, high mp 2, teleportitis
1, tough skin 3
a: no special abilities


You were on level 2 of the Dungeon.
You were not hungry.

You visited 1 branch of the dungeon, and saw 3 of its levels.

You collected 82 gold pieces.

Inventory:

Hand Weapons
 a - a +0 trident
 s - a +0 short sword of protection (weapon)
Missiles
 n - 73 arrows
Armour
 b - a +0 scale mail (worn)
 c - a +0 shield (worn)
Scrolls
 e - 3 scrolls of identify {unknown}
 g - a scroll of noise {unknown}
 h - a scroll of remove curse {unknown}
 k - 2 scrolls of immolation {unknown}
 l - 2 scrolls of enchant armour {unknown}
 o - 2 scrolls of teleportation {unknown}
Potions
 d - 2 potions of might
 i - 3 potions of agility
 m - a potion of flight
Comestibles
 f - 2 bread rations {@e1}
 q - a meat ration {@e2}
 r - 3 fruits


   Skills:
 + Level 5.3 Fighting
 - Level 2.1 Polearms
 - Level 2.1 Armour
 - Level 2.1 Shields


You had 3 spell levels left.
You didn't know any spells.

Dungeon Overview and Level Annotations

Branches:
Dungeon (3/15)

Altars:
Fedhas
Hepliaklqana
Uskayaw
Vehumet

Annotations:
D:3 Azzok's ghost, amateur CeFi


Innate Abilities, Weirdness & Mutations

You have hooves in place of feet.
Armour fits poorly on your strangely shaped body.
You cover ground very quickly.
You have extremely tough skin. (AC +3)
Your flesh is cold resistant. (rC+)
You have a considerably increased reservoir of magic. (+20% MP)
You are occasionally teleported next to monsters.


Message History

* * * LOW HITPOINT WARNING * * *
You feel sick.
You take 2 damage, and have 7/42 hp.
Really quaff
j - a potion of mutation {!q}?
You feel extremely strange.
You feel more energetic.
You feel weirdly uncertain.
* * * LOW HITPOINT WARNING * * *
You feel sick.
You take 2 damage, and have 5/42 hp.
Sorry, you're not good enough to have a special ability.
There is a lethal amount of poison in your body!
There is a lethal amount of poison in your body!
* * * LOW HITPOINT WARNING * * *
You feel sick.
You take 1 damage, and have 4/42 hp.
* * * LOW HITPOINT WARNING * * *
You feel sick.
* * * LOW HITPOINT WARNING * * *
You feel sick.
You die...

▒·▒▒▒▒▒▒·▒▒ ▒····
▒·········▒▒▒▒▒▒▒▒
▒▒▒▒▒▒▒▒····▒ ▒▒·▒·▒ ▒·▒·▒
▒·▒·▒▒▒▒▒▒ ▒▒····▒···· ▒▒
▒▒▒▒▒▒▒▒▒▒·(·····▒▒▒
·▒▒▒▒▒▒▒▒▒▒
▒··@·············▒
··········▒
▒·▒▒▒▒▒▒·········▒
······▒▒▒·▒ ▒·▒
▒··▒···(▒>▒
▒▒▒▒▒·▒▒▒·▒▒▒▒·▒▒
▒··▒·▒▒▒▒·▒
▒▒▒▒▒···········▒▒▒ ▒··▒·▒
▒·▒
······▒▒··▒▒▒▒····▒▒▒··▒·▒
▒·▒ ▒▒▒▒▒·▒··▒▒
▒▒▒▒·········▒ ▒·▒
····▒·▒·▒▒▒▒▒8▒▒▒··▒▒··▒▒▒
▒·▒
▒▒▒·▒·▒·▒···▒_≈≈▒▒··▒··▒
▒·▒


There were no monsters in sight!

Vanquished Creatures
  An adder (D:2)
  4 gnolls (D:2)
  An ooze (D:2)
  A worm (D:2)
  A dart slug (D:2)
  2 leopard geckos (D:1)
  A ball python (D:1)
  3 giant cockroaches (D:1)
  4 hobgoblins
  4 jackals (D:1)
  A quokka (D:2)
  2 bats (D:2)
  5 frilled lizards
  12 goblins
  7 kobolds
  7 rats
56 creatures vanquished.

Notes
Turn   | Place    | Note
-------+----------+-------------------------------------------
     0 | D:1      | Azzok the Centaur Fighter began the quest for the Orb.
     0 | D:1      | Reached XP level 1. HP: 19/19 MP: 1/1
   185 | D:1      | Reached XP level 2. HP: 26/26 MP: 2/2
   680 | D:1      | Reached XP level 3. HP: 32/33 MP: 3/3
   742 | D:1      | Reached skill level 4 in Fighting
   879 | D:2      | Found a blossoming altar of Fedhas.
  1657 | D:2      | Reached XP level 4. HP: 34/41 MP: 4/4
  1883 | D:2      | Reached skill level 5 in Fighting
  2257 | D:2      | Found a radiant altar of Vehumet.
  2257 | D:2      | Found a hazy altar of Hepliaklqana.
  2258 | D:2      | Found a hide-covered altar of Uskayaw.
  2371 | D:3      | Noticed Azzok's ghost (amateur CeFi)
  2389 | D:2      | Gained mutation: Your flesh is cold resistant. (rC+) [potion of mutation]
  2389 | D:2      | Gained mutation: You have an increased reservoir of magic. (+10% MP) [potion of mutation]
  2392 | D:2      | Gained mutation: You have a considerably increased reservoir of magic. (+20% MP) [potion of mutation]
  2392 | D:2      | Gained mutation: You are occasionally teleported next to monsters. [potion of mutation]
  2395 | D:2      | HP: 1/42 [poisoned by Azzok's ghost]
  2396 | D:2      | Succumbed to Azzok's ghost's poison

Skill      XL: |  1  2  3  4 |
---------------+-------------+-----
Polearms       | 2 |  2.1
Fighting       | 4 5 |  5.3
Armour         | |  2.1
Shields        | |  2.1

Action                   |  1- 3 |  4- 6 || total
-------------------------+-------+-------++-------
Melee: Trident           |   183 |       ||   183
       Kick              |    31 |    11 ||    42
       Short sword       |     9 |    46 ||    55
  Use: Potion            |       |     5 ||     5
  Eat: Chunk             |     2 |     2 ||     4
Armor: Scale mail        |    85 |    20 ||   105
Dodge: Dodged            |    39 |    16 ||    55
Block: Shield            |    83 |    21 ||   104
